 Dungeon Crawl Stone Soup version 0.19.1-1-g22dce08 (webtiles) character file.

333 Gargoyl the Skirmisher (level 6, -3/52 HPs)
             Began as a Ghoul Abyssal Knight on Jan 6, 2017.
             Was a Believer of Lugonu.
             Slain by a mummy (7 damage)
             ... in an ossuary.
             The game lasted 00:08:32 (3094 turns).

Gargoyl the Skirmisher (Ghoul Abyssal Knight)       Turns: 3094, Time: 00:08:33

Health: -3/52      AC: 11    Str: 16    XL:     6   Next: 53%
Magic:  7/7        EV:  4    Int:  7    God:    Lugonu [**....]
Gold:   214        SH:  8    Dex: 10    Spells: 0 memorised, 5 levels left

rFire  . . .     SeeInvis .     a - +1 hand axe
rCold  + + .     Gourm    .     r - +0 plate armour
rNeg   + + +     Faith    .     v - +1 shield (curse)
rPois  ∞         Spirit   .     (no helmet)
rElec  .         Reflect  .     (no cloak)
rCorr  .         Harm     .     (no gloves)
MR     .....                    (no boots)
Stlth  ..........               (no amulet)
                                k - ring of protection from cold
                                e - +2 ring of evasion

@: rotting
A: rotting body, claws 1, carnivore 3, cold resistance 1, negative energy
resistance 3, slow regeneration 1, torment resistance, unbreathing
a: Depart the Abyss, Bend Space, Renounce Religion


You were in an ossuary.
You worshipped Lugonu.
Lugonu was pleased with you.
You were not hungry.

You visited 1 branch of the dungeon, and saw 4 of its levels.
You visited the Abyss 1 time.
You also visited: Ossuary.

You collected 214 gold pieces.

Inventory:

Hand Weapons
 a - a +1 hand axe (weapon)
 b - a +2 longbow of freezing
Missiles
 l - 3 tomahawks (quivered)
 s - 24 arrows
Armour
 r - a +0 plate armour (worn)
 v - a cursed +1 shield (worn)
Jewellery
 e - a +2 ring of evasion (left claw)
 k - a ring of protection from cold (right claw)
Wands
 j - a wand of flame (16/48)
Scrolls
 d - 2 scrolls of teleportation
 f - a scroll of enchant armour
 h - 7 scrolls of identify
 m - a scroll of amnesia
 t - a scroll of remove curse {unknown}
Potions
 g - a potion of cancellation {unknown}
 i - 3 potions of agility
 o - 2 potions of degeneration {unknown}
 p - 4 potions of flight {unknown}
 z - a potion of curing {unknown}
Books
 n - a book of Cantrips

   Spells                             Type                      Level
   a - Confusing Touch                Hexes                        1
   b - Animate Skeleton               Necromancy                   1
   c - Summon Small Mammal            Summoning                    1
   d - Apportation                    Translocation                1
 q - Sif Muna's Papyrus of Good Luck
   (You found it on level 2 of the Dungeon)

   Spells                             Type                      Level
   a - Infusion                       Charms                       1
 x - a book of Minor Magic

   Spells                             Type                      Level
   a - Magic Dart                     Conjuration                  1
   b - Blink                          Translocation                2
   c - Call Imp                       Summoning                    2
   d - Repel Missiles                 Charms/Air                   2
   e - Slow                           Hexes                        2
   f - Conjure Flame                  Conjuration/Fire             3
   g - Mephitic Cloud                 Conjuration/Poison/Air       3
Comestibles
 c - 6 meat rations


   Skills:
 + Level 4.2 Fighting
 + Level 3.5 Axes
 + Level 0.5 Bows
 * Level 3.1 Armour
 + Level 1.6 Dodging
 + Level 1.4 Shields
 * Level 3.2 Invocations


You had 5 spell levels left.
You didn't know any spells.

Dungeon Overview and Level Annotations

Branches:
Dungeon (4/15)
 Temple: D:4-7

Altars:
Kikubaaqudgha
Qazlal
Sif Muna
Trog
Vehumet


Innate Abilities, Weirdness & Mutations

Your body is rotting away.
You thrive on raw meat.
You are immune to poison.
You have sharp fingernails.
You are carnivorous and can eat meat at any time.
Your flesh is cold resistant. (rC+)
You are immune to negative energy. (rN+++)
You regenerate slowly when monsters are visible.
You are immune to unholy pain and torment.
You can survive without breathing.


Message History

You hit the mummy.
The mummy is severely damaged.
You hit the mummy. The mummy hits you! The mummy hits you.
You hit the mummy.
The mummy is severely damaged.
You hit the mummy but do no damage. The mummy hits you!
You hit the mummy but do no damage.
The mummy is severely damaged.
You hit the mummy. You block the mummy's attack.
You hit the mummy but do no damage.
The mummy is severely damaged.
You hit the mummy. The mummy hits you!
* * * LOW HITPOINT WARNING * * *
The mummy hits you!
* * * LOW HITPOINT WARNING * * *
You hit the mummy.
The mummy is almost destroyed.
You hit the mummy but do no damage. You block the mummy's attack.
The mummy hits you!
You die...

#....#
#(...#
#(...#
#....#
#(...#
#(...#
#....#
#MM..#
#@∩∩.#
######


You could see 2 mummies.

Vanquished Creatures
  2 scorpions (D:4)
  A bullfrog skeleton (D:4)
  A centaur skeleton (D:4)
  An iguana (D:4)
  A worker ant (D:4)
  2 mummies (Ossuary)
  3 adders
  6 leopard geckos
  An orc (D:4)
  8 bats
  4 giant cockroaches
  2 gnoll zombies (Ossuary)
  9 goblins
  7 hobgoblins
  2 jackals (D:3)
  7 kobolds
  2 quokkas (D:2)
  A ball python (D:3)
  2 frilled lizards
  3 hobgoblin zombies (Ossuary)
  A kobold zombie (Ossuary)
  An orc zombie (Ossuary)
  A quokka zombie (D:4)
  7 rats
75 creatures vanquished.

Notes
Turn   | Place    | Note
-------+----------+-------------------------------------------
     0 | Abyss:1  | Gargoyl the Ghoul Abyssal Knight began the quest for the Orb.
     0 | Abyss:1  | Reached XP level 1. HP: 19/19 MP: 1/1
    31 | Abyss:2  | Noticed a small abomination
    42 | Abyss:2  | Noticed a thrashing horror
    44 | Abyss:2  | Noticed a thrashing horror
    45 | D:1      | Escaped the Abyss
   143 | D:1      | Reached XP level 2. HP: 24/26 MP: 2/2
   222 | D:1      | Reached * piety under Lugonu
   607 | D:1      | Reached skill level 1 in Dodging
   607 | D:1      | Reached XP level 3. HP: 33/33 MP: 3/3
  1302 | D:2      | Found a radiant altar of Vehumet.
  1312 | D:2      | Found an ancient bone altar of Kikubaaqudgha.
  1313 | D:2      | Found a deep blue altar of Sif Muna.
  1319 | D:2      | Identified Sif Muna's Papyrus of Good Luck
  1351 | D:2      | Found a stormy altar of Qazlal.
  1609 | D:3      | Reached XP level 4. HP: 25/40 MP: 4/4
  1696 | D:2      | Reached ** piety under Lugonu
  2040 | D:3      | Found a bloodstained altar of Trog.
  2040 | D:3      | Found a faded altar of an unknown god.
  2051 | D:3      | Found a faded altar of an unknown god.
  2053 | D:3      | Found a faded altar of an unknown god.
  2055 | D:3      | Found a faded altar of an unknown god.
  2379 | D:4      | Reached XP level 5. HP: 39/46 MP: 5/5
  2447 | D:4      | Reached skill level 4 in Fighting
  2466 | D:4      | Reached skill level 1 in Shields
  2585 | D:4      | Reached XP level 6. HP: 35/52 MP: 5/7
  2797 | D:4      | Found a sand-covered staircase.
  2805 | Ossuary  | Entered an ossuary
  3094 | Ossuary  | Slain by a mummy

Skill      XL: |  1  2  3  4  5  6 |
---------------+-------------------+-----
Axes           | 2 3 |  3.5
Armour         | 2 3 |  3.1
Dodging        | 1 |  1.6
Fighting       | 4 |  4.2
Shields        | 1 |  1.4
Invocations    | 3 |  3.2
Bows           | |  0.5

Action                   |  1- 3 |  4- 6 || total
-------------------------+-------+-------++-------
Melee: Hand axe          |   158 |   182 ||   340
 Fire: Longbow           |       |    12 ||    12
Throw: Tomahawk          |       |     8 ||     8
Invok: Depart the Abyss  |     1 |       ||     1
  Use: Scroll            |     1 |     9 ||    10
  Eat: Chunk             |    14 |    15 ||    29
Armor: Leather armour    |    50 |       ||    50
       Plate armour      |    23 |   139 ||   162
Dodge: Dodged            |   153 |    37 ||   190
Block: Shield            |       |    78 ||    78
